 Dungeon Crawl Stone Soup version 0.17-a0-2093-gc772f4b (webtiles) character file.

1803 derrpe the Carver (level 8, -3/67 HPs)
             Began as a White Draconian Skald on Oct 17, 2015.
             Was a Follower of Vehumet.
             Slain by a yak (14 damage)
             ... on level 5 of the Dungeon.
             The game lasted 00:18:17 (8686 turns).

derrpe the Carver (White Draconian Skald)           Turns: 8686, Time: 00:18:17

Health: -3/67      AC:  6    Str: 14    XL:     8   Next: 83%
Magic:  11/11      EV: 13    Int: 14    God:    Vehumet [*.....]
Gold:   224        SH:  0    Dex: 12    Spells: 3 memorised, 5 levels left

rFire  . . .     SeeInvis .     a - +2 great sword
rCold  + . .     Clarity  .     (armour unavailable)
rNeg   . . .     SustAt   .     (no shield)
rPois  .         Gourm    .     (helmet restricted)
rElec  .         Spirit   .     (no cloak)
rCorr  .         Warding  .     (no gloves)
rMut   .         Stasis   .     (no boots)
MR     .....                    (no amulet)
Stlth  +.........               (no ring)
                                C - ring of flight

@: short of breath, not resistant to hostile enchantments, very unstealthy
A: breathe frost, unfitting armour, cold resistance 1, cold-blooded, AC +6
a: Breathe Frost, Renounce Religion, Evoke Flight


You were on level 5 of the Dungeon.
You worshipped Vehumet.
Vehumet was aware of your devotion.
You were hungry.

You visited 1 branch of the dungeon, and saw 6 of its levels.

You collected 224 gold pieces.

Inventory:

Hand Weapons
 a - a +2 great sword (weapon)
 b - a +0 shortbow
 i - a +0 hunting sling
 u - a +0 blowgun
Missiles
 f - 14 sling bullets of flame
 m - 81 stones
 n - 14 arrows of flame
 q - 33 poisoned needles
 s - a throwing net {=f}
 t - 90 arrows
 v - 14 steel bolts
 x - 13 tomahawks (quivered)
Jewellery
 C - a ring of flight (left hand)
Wands
 r - a wand of polymorph (4)
 D - a wand of fire (0)
Scrolls
 d - a scroll of amnesia
 l - 6 scrolls of remove curse
 w - 4 scrolls of identify {unknown}
 y - a scroll of random uselessness {unknown}
 A - 3 scrolls of enchant armour
Potions
 g - a potion of lignification {unknown}
 h - a potion of curing
 k - a potion of berserk rage {unknown}
 z - 2 potions of magic {unknown}
 E - 3 potions of agility
Books
 e - a book of Ice

   Spells                             Type                      Level
   a - Ice Form                       Ice/Transmutation            4
   b - Metabolic Englaciation         Hexes/Ice                    5
   c - Ozocubu's Refrigeration        Ice                          6
   d - Bolt of Cold                   Conjuration/Ice              6
   e - Freezing Cloud                 Conjuration/Ice/Air          6
   f - Simulacrum                     Ice/Necromancy               6
 o - a book of Battle

   Spells                             Type                      Level
   a - Infusion                       Charms                       1
   b - Shroud of Golubria             Charms/Translocation         2
   c - Song of Slaying                Charms                       2
   d - Spectral Weapon                Hexes/Charms                 3
   e - Regeneration                   Charms/Necromancy            3
Comestibles
 c - 6 bread rations {@e1}
 j - a meat ration {@e2}
 F - a beef jerky


   Skills:
 + Level 4.3 Fighting
 * Level 10.5 Long Blades
 + Level 3.2 Dodging
 - Level 2.0 Spellcasting
 - Level 2.6 Charms


You had 5 spell levels left.
You knew the following spells:

 Your Spells              Type           Power        Failure   Level  Hunger
a - Infusion              Chrm           #.....       10%         1    ##.....
b - Shroud of Golubria    Chrm/Tloc      #.........   24%         2    ###....
c - Regeneration          Chrm/Necr      #.........   47%         3    ####...


Dungeon Overview and Level Annotations

Branches:
Dungeon (6/15)
 Temple: D:4-7

Altars:
Fedhas
Kikubaaqudgha
Makhleb
Ru
Trog
Vehumet
Zin
The Shining One

Shops:
D:4 [   D:5 =


Innate Abilities, Weirdness & Mutations

You can breathe waves of freezing cold.
You can buffet flying creatures when you breathe cold.
Your icy white scales are hard (AC +6).
Your body does not fit into most forms of armour.
Your flesh is cold resistant.
You are cold-blooded and may be slowed by cold attacks.


Message History

Use which ability?
You can't do that yet.
Unknown command.
Drink which item? (? for menu, Esc to quit)
You feel better. The yak barely misses you.
You barely miss the yak.
Your tail-slap misses the yak.
The yak is severely wounded.
The yak gores you!
* * * LOW HITPOINT WARNING * * *
Unknown command.
Drink which item? (? for menu, Esc to quit)
You feel better. The yak gores you.
* * * LOW HITPOINT WARNING * * *
Drink which item? (? for menu, Esc to quit)
You feel better. The yak gores you.
* * * LOW HITPOINT WARNING * * *
You slash the yak!
The yak is almost dead.
The yak gores you!
You die...

...>###................# ....#
#.......#....)...# ....#
#...<....[)......#
....###........#......##
.....##[.......###.###########
.....##[.........#.##........##
.....##[......##..............#
.............#####............#
..............oY@.............#
.......###########.#..........#
......>### #..#.........##
.........########.###..#######
#....#.........####....#
#######......####..###.#
..#############..#####.#########
##..#.......#..###...#.##......#
.##.'..8⌠8..'.##..##...........#


You could see a yak and an orc.

Vanquished Creatures
  The ghost of derrpe the Magician, an amateur HEWz (D:4)
  Menkaure (D:6)
  2 ice beasts (D:5)
  The ghost of st0uf the Shield-Bearer, an amateur FoFi of Okawaru (D:3)
  2 sky beasts (D:6)
  A centaur (D:5)
  2 scorpions (D:4)
  3 crimson imps (D:5)
  4 orc priests
  4 orc wizards
  A centaur zombie (D:6)
  2 hounds
  7 worker ants
  2 iguanas
  A hound zombie (D:4)
  A hound skeleton (D:4)
  A worker ant zombie (D:5)
  2 gnolls (D:2)
  8 adders
  A shadow imp (D:5)
  An adder zombie (D:5)
  7 worms
  4 giant geckos
  17 orcs
  4 giant cockroaches
  6 hobgoblins
  A jackal (D:2)
  4 quokkas
  A ball python (D:1)
  13 bats
  A giant gecko zombie (D:5)
  7 giant newts
  6 goblins
  4 kobolds
  5 rats
128 creatures vanquished.

Vanquished Creatures (others)
  A gnoll (D:2)
  2 hobgoblins (D:2)
  2 jackals (D:2)
5 creatures vanquished.

Grand Total: 133 creatures vanquished

Notes
Turn   | Place    | Note
--------------------------------------------------------------
     0 | D:1      | derrpe the Draconian Skald began the quest for the Orb.
     0 | D:1      | Reached XP level 1. HP: 17/17 MP: 3/3
   512 | D:1      | Reached XP level 2. HP: 22/24 MP: 0/5
   696 | D:1      | Reached skill level 3 in Long Blades
  1246 | D:2      | Found a radiant altar of Vehumet.
  1739 | D:2      | Found a sacrificial altar of Ru.
  1746 | D:2      | Found a blossoming altar of Fedhas.
  1753 | D:2      | Reached XP level 3. HP: 29/29 MP: 6/6
  1889 | D:2      | Reached skill level 4 in Long Blades
  1993 | D:2      | Learned a level 2 spell: Shroud of Golubria
  1997 | D:2      | Learned a level 3 spell: Regeneration
  2299 | D:2      | Reached XP level 4. HP: 21/36 MP: 7/7
  2668 | D:3      | Noticed st0uf's ghost (amateur FoFi)
  3201 | D:4      | Reached skill level 5 in Long Blades
  3201 | D:4      | Reached XP level 5. HP: 38/41 MP: 8/8
  3368 | D:4      | Noticed derrpe's ghost (amateur HEWz)
  3621 | D:4      | Killed derrpe's ghost
  3621 | D:4      | Reached skill level 6 in Long Blades
  3621 | D:4      | Reached XP level 6. HP: 26/48 MP: 4/9
  3780 | D:4      | Noticed a blizzard demon
  3781 | D:4      | Found a burning altar of Makhleb.
  3784 | D:4      | Found a glowing silver altar of Zin.
  3784 | D:4      | Noticed an angel
  3852 | D:4      | Reached skill level 7 in Long Blades
  3930 | D:4      | Found Dazuar's Armour Emporium.
  4192 | D:4      | Found a glowing golden altar of the Shining One.
  4301 | D:4      | Your scales start taking on an icy white colour.
  4301 | D:4      | Gained mutation: Your flesh is cold resistant. [White Draconian growth]
  4301 | D:4      | Reached XP level 7. HP: 26/55 MP: 10/10
  4594 | D:4      | Reached skill level 8 in Long Blades
  5953 | D:3      | Killed st0uf's ghost
  6245 | D:3      | Found a bloodstained altar of Trog.
  6387 | D:5      | Entered Level 5 of the Dungeon
  6497 | D:5      | Reached skill level 9 in Long Blades
  6575 | D:5      | Found Veuwaan's Jewellery Shop.
  6680 | D:2      | Became a worshipper of Vehumet
  6832 | D:5      | Reached XP level 8. HP: 53/62 MP: 8/11
  7639 | D:6      | Found an ancient bone altar of Kikubaaqudgha.
  7749 | D:6      | Reached skill level 10 in Long Blades
  7936 | D:6      | Reached * piety under Vehumet
  7936 | D:6      | Offered knowledge of Shock by Vehumet.
  8599 | D:6      | Noticed Menkaure
  8606 | D:6      | Killed Menkaure
  8683 | D:5      | HP: 2/67 [yak (9)]
  8686 | D:5      | Slain by a yak

Vault maps used:
D:1:      dpeg_arrival_central
D:2:      lemuel_crystal_altar, fiery_altar_vehumet, fedhas_altar_1
D:3:      lemuel_coloured_pillars_altar, kennysheep_generic_room_3
D:4:      grunt_temple_overflow_order_and_chaos_2, lemuel_round_altar,
          serial_shops, nicolae_shop_stone, first_bread, minmay_misc_feat_chi
D:5:      serial_shops, shop, grunt_decor_clamped, minmay_misc_feat_pillars
D:6:      lemuel_doored_altar, grunt_gozag_breadcrumbs, temple_hall,
          hangedman_decor_peaks_small, uniq_menkaure

Action                   |  1- 3 |  4- 6 |  7- 9 || total
-------------------------+-------+-------+-------++-------
Melee: Dagger            |    41 |   146 |    19 ||   206
       Falchion          |     8 |       |       ||     8
       Long sword        |       |       |   113 ||   113
       Great sword       |       |       |   100 ||   100
 Fire: Hunting sling     |    30 |       |       ||    30
       Shortbow          |    19 |    44 |    54 ||   117
Throw: Stone             |    24 |    52 |    35 ||   111
       Tomahawk          |       |       |    70 ||    70
 Cast: Infusion          |    12 |     7 |    19 ||    38
       Shroud of Golubri |       |       |     1 ||     1
 Abil: Breathe Frost     |       |       |    15 ||    15
Evoke: Wand              |       |       |     2 ||     2
  Use: Scroll            |     6 |     1 |     4 ||    11
       Potion            |       |     5 |     4 ||     9
 Stab: Sleeping          |     1 |       |       ||     1
  Eat: Chunk             |     4 |     2 |    12 ||    18
       Pizza             |       |     1 |     1 ||     2
       Royal jelly       |       |     1 |       ||     1
       Meat ration       |       |     1 |       ||     1
